 Dungeon Crawl Stone Soup version 0.25-b1-29-g4cfa5c7bda (webtiles) character file.

Game seed: 17038752698761592160, levelgen mode: deterministic

4473 Curus the Severer (level 10, -4/77 HPs)
             Began as a Minotaur Fighter on June 3, 2020.
             Was a Priest of Trog.
             Slain by a wyvern (8 damage)
             ... on level 8 of the Dungeon.
             The game lasted 00:43:42 (7986 turns).

Curus the Severer (Minotaur Fighter)                Turns: 7986, Time: 00:43:42

Health: -4/77      AC: 11    Str: 21    XL:     10   Next: 15%
Magic:  9/9        EV:  7    Int:  8    God:    Trog [***...]
Gold:   446        SH:  9    Dex: 10    Spells: 9/9 levels left

rFire    + . .     SeeInvis .   a - +0 war axe
rCold    . . .     Gourm    .   c - +0 kite shield
rNeg     . . .     Faith    +   z - +0 plate armour
rPois    .         Spirit   .   (helmet restricted)
rElec    .         Reflect  .   o - scarf {harm}
rCorr    .         Harm     .   (no gloves)
MR       .....                  (no boots)
Stlth    ..........             n - amulet of faith
HPRegen  0.22/turn              k - ring of protection from fire
MPRegen  0.11/turn              s - +4 ring of evasion

@: berserk cooldown, slowed, very slow
A: retaliatory headbutt, horns 2
a: Berserk, Trog's Hand, Renounce Religion


You were on level 8 of the Dungeon.
You worshipped Trog.
Trog was most pleased with you.
You were very hungry.

You visited 2 branches of the dungeon, and saw 9 of its levels.

You collected 446 gold pieces.

Inventory:

Hand Weapons
 a - a +0 war axe (weapon)
 C - a +0 broad axe
Armour
 b - a +0 scale mail
 c - a +0 kite shield (worn)
 e - a +1 chain mail
 h - a scarf of invisibility
 o - a scarf of harm (worn)
 y - the +7 chain mail "Coux" {rElec Dex+3}
   (You found it on level 7 of the Dungeon)

   It affects your dexterity (+3).
   It insulates you from electricity.
 z - a +0 plate armour (worn)
Jewellery
 g - an uncursed ring of teleportation
 k - a ring of protection from fire (left hand)
 m - an uncursed amulet of inaccuracy
 n - an amulet of faith (around neck)
 p - an uncursed ring of fire
 s - a +4 ring of evasion (right hand)
Wands
 q - a wand of random effects (12)
 r - a wand of iceblast (8)
 u - a wand of clouds (3)
 A - a wand of disintegration (2)
Scrolls
 i - 7 scrolls of identify
 t - 2 scrolls of teleportation
 v - 2 scrolls of remove curse
Potions
 d - a potion of might
 j - 2 potions of flight
 l - 2 potions of stabbing
 w - a potion of berserk rage
 x - a potion of cancellation
Comestibles
 f - 16 rations
 B - 4 chunks of flesh


   Skills:
 - Level 3.6 Fighting
 + Level 16.5 Axes
 - Level 3.6 Armour
 - Level 3.6 Shields


You had 9 spell levels left.
You didn't know any spells.
Your spell library was empty.

Dungeon Overview and Level Annotations

Branches:
Dungeon (8/15)             Temple (1/1) D:4
   Lair: D:8-11

Altars:
Ashenzari
Cheibriados
Dithmenos
Elyvilon
Fedhas
Hepliaklqana
Kikubaaqudgha
Makhleb
Nemelex Xobeh
Okawaru
Qazlal
Ru
Sif Muna
Trog
Uskayaw
Vehumet
Wu Jian
Xom
Yredelemnul
Zin
The Shining One
Beogh


Innate Abilities, Weirdness & Mutations

You reflexively headbutt those who attack you in melee.
You have a pair of horns on your head.


Message History

You block the wyvern's attack.
Your shield and plate armour prevent you from hitting the wyvern.
The wyvern is heavily wounded.
The wyvern bites you!
The wyvern hisses menacingly.
You block the wyvern's attack.
You hit the wyvern. You headbutt the wyvern.
The wyvern is severely wounded.
The wyvern bites you. The wyvern bites you!
* * * LOW HITPOINT WARNING * * *
You closely miss the wyvern.
The wyvern is severely wounded.
You block the wyvern's attack. The wyvern bites you!
* * * LOW HITPOINT WARNING * * *
Okay, then.
Unknown command.
You hit the wyvern.
The wyvern is almost dead.
The wyvern bites you!
You die...

#.#. #.#. #.#. # # ##.#.
.#. #..#. #.# # #..#. #.#
.# ####.. . ##l### .
......... ..
##.@#%#.############
#.#.#..##..... ##
#....#[...# #. #.##..#.#.#
### #. #(#.#†.##.# #.. #.
###.#####.###.# #.########
..............# #.#.......
#######.####..###...######
#. ####.###.......### #...


You could see a wyvern.

Vanquished Creatures
  A death knight (D:8)
  Pikel (D:6)
  Maggie (D:6)
  Grinder (D:6)
  Sigmund (D:6)
  An orc warrior (D:7)
  2 sky beasts
  A black bear (D:7)
  An ice beast (D:5)
  A slave (D:6)
  A centaur (D:7)
  6 ogres
  2 bullfrogs
  Blork the orc (D:4)
  5 killer bees (D:7)
  3 crimson imps
  5 hounds
  2 iguanas (D:6)
  2 jellies
  6 orc priests
  A bullfrog skeleton (D:4)
  9 orc wizards
  7 worker ants
  A mummy (D:5)
  2 worker ant zombies
  10 adders
  2 shadow imps (D:7)
  An adder skeleton (D:4)
  An adder zombie (D:7)
  2 worms
  2 dart slugs
  4 leopard geckos
  28 orcs
  10 giant cockroaches
  7 goblins
  12 hobgoblins
  10 jackals
  10 kobolds
  4 quokkas
  2 ball pythons
  6 bats
  5 frilled lizards
  A jackal zombie (D:6)
  2 leopard gecko skeletons (D:4)
  10 rats
193 creatures vanquished.

Vanquished Creatures (others)
  A bullfrog zombie (D:6)
  An orc wizard (D:8)
  A worker ant (D:6)
  An adder (D:6)
  An orc (D:6)
5 creatures vanquished.

Grand Total: 198 creatures vanquished

Notes
Turn   | Place    | Note
-------+----------+-------------------------------------------
     0 | D:1      | Curus the Minotaur Fighter began the quest for the Orb.
     0 | D:1      | Reached XP level 1. HP: 19/19 MP: 0/0
    26 | D:1      | Reached skill level 3 in Axes
    36 | D:1      | Reached XP level 2. HP: 23/26 MP: 1/1
   385 | D:1      | Reached skill level 4 in Axes
   597 | D:1      | Reached XP level 3. HP: 31/31 MP: 2/2
   982 | D:2      | Reached skill level 5 in Axes
  1010 | D:2      | Reached XP level 4. HP: 39/39 MP: 3/3
  1300 | D:2      | Found a basalt altar of Yredelemnul.
  1381 | D:2      | Found a shimmering altar of Xom.
  1384 | D:2      | Reached skill level 6 in Axes
  1663 | D:3      | Reached XP level 5. HP: 44/45 MP: 4/4
  1748 | D:3      | Reached skill level 7 in Axes
  2165 | D:3      | Found a roughly hewn altar of Beogh.
  2172 | D:3      | Reached XP level 6. HP: 6/51 MP: 5/5
  2175 | D:3      | Reached skill level 8 in Axes
  2611 | D:4      | Found a staircase to the Ecumenical Temple.
  2619 | Temple   | Entered the Ecumenical Temple
  2670 | Temple   | Became a worshipper of Trog the Wrathful
  3071 | D:4      | Noticed Blork the orc
  3078 | D:4      | Killed Blork the orc
  3151 | D:4      | Reached skill level 9 in Axes
  3372 | D:5      | Entered Level 5 of the Dungeon
  3555 | D:5      | Noticed an ice beast
  3563 | D:5      | Killed an ice beast
  3563 | D:5      | Reached XP level 7. HP: 33/57 MP: 6/6
  3826 | D:5      | Reached skill level 10 in Axes
  4207 | D:5      | Found a snail-covered altar of Cheibriados.
  4295 | D:5      | Reached * piety under Trog
  4567 | D:5      | Found an iron altar of Okawaru.
  4742 | D:6      | Noticed Grinder
  4752 | D:6      | Killed Grinder
  4752 | D:6      | Reached skill level 11 in Axes
  4752 | D:6      | Reached XP level 8. HP: 64/64 MP: 7/7
  4832 | D:6      | Noticed Pikel
  4859 | D:6      | Killed Pikel
  4859 | D:6      | Reached skill level 12 in Axes
  4964 | D:6      | Reached skill level 13 in Axes
  5272 | D:6      | Noticed Maggie
  5298 | D:6      | Killed Maggie
  5298 | D:6      | Reached XP level 9. HP: 38/70 MP: 8/8
  5561 | D:6      | Reached skill level 14 in Axes
  5859 | D:6      | Noticed Sigmund
  5868 | D:6      | Killed Sigmund
  6161 | D:6      | Found a glowing golden altar of the Shining One.
  6225 | D:7      | Reached ** piety under Trog
  6752 | D:7      | Reached skill level 15 in Axes
  6822 | D:7      | Found a white marble altar of Elyvilon.
  6823 | D:7      | Found a burning altar of Makhleb.
  6841 | D:7      | Found a glowing silver altar of Zin.
  6902 | D:7      | Found a shattered altar of Ashenzari.
  6902 | D:7      | Found a shimmering blue altar of Sif Muna.
  6903 | D:7      | Found a sacrificial altar of Ru.
  7379 | D:7      | Got a pitted chain mail
  7435 | D:7      | Identified the +7 chain mail "Coux" {rElec Dex+3} (You
                  | found it on level 7 of the Dungeon)
  7928 | D:8      | Reached *** piety under Trog
  7953 | D:8      | Noticed a death knight
  7964 | D:8      | Killed a death knight
  7964 | D:8      | Reached skill level 16 in Axes
  7964 | D:8      | Reached XP level 10. HP: 77/77 MP: 9/9
  7986 | D:8      | Slain by a wyvern

Illustrated notes

Levels and vault maps discovered:
D:1:      noname_arrival_rooms_in_the_neighbourhood, layout_basic,
          serial_bayou_lagoon_a, minmay_pentomino_o4
D:2:      layout_rooms, old_standard_altar, old_standard_altar, first_ration,
          minmay_liquid_box
D:3:      layout_rooms, nicolae_overflow_hidden_temple, kennysheep_orc_chapel
D:4:      layout_basic, minmay_temple_entry_mist, uniq_blork_the_orc
D:5:      layout_layer_cave, slow_altar_2, okawaru_metal_pillars_3
D:6:      layout_basic, minmay_misc_feat_x, tso_altar, uniq_pikel, uniq_sigmund,
          uniq_grinder, uniq_maggie
D:7:      layout_rooms, grunt_temple_overflow_open
D:8:      minmay_the_grid_square_5x5_3x3
          [minmay_the_grid_square_5x5_broken_cross,
          minmay_the_grid_square_5x5_doubleslash,
          minmay_the_grid_square_5x5_fancy_junction,
          minmay_the_grid_square_5x5_hollow_slash,
          minmay_the_grid_square_5x5_megaprize_checkered,
          minmay_the_grid_square_5x5_comb, minmay_the_grid_square_5x5_fat_x,
          minmay_the_grid_square_5x5_two, minmay_the_grid_square_5x5_lines],
          layout_rooms, kennysheep_little_box, serial_co_window_serial,
          co_window_of_opportunity_a, co_window_paths_b, co_window_paths_a,
          co_window_paths_b, co_window_paths_a, co_window_of_opportunity_b,
          co_window_corner_cb, co_window_cross_3, co_window_of_opportunity_b,
          co_window_of_opportunity_b, co_window_4corner_a, co_window_paths_d
Temple:   zaba_magenta_temple

Skill      XL: |  1  2  3  4  5  6  7  8  9 |
---------------+----------------------------+-----
Axes           | 3 4 5 6 7 9 11 13 16 | 16.5
Fighting       | |  3.6
Armour         | |  3.6
Shields        | |  3.6

Action                   |  1- 3 |  4- 6 |  7- 9 | 10-12 || total
-------------------------+-------+-------+-------+-------++-------
Melee: War axe           |    60 |   177 |   326 |    16 ||   579
       Headbutt          |    10 |    26 |    66 |     4 ||   106
Invok: Berserk           |       |       |     4 |       ||     4
  Use: Scroll            |     2 |     4 |     4 |       ||    10
       Potion            |       |     5 |     3 |       ||     8
  Eat: Chunk             |       |     8 |    14 |       ||    22
       Ration            |       |       |     1 |       ||     1
Armor: Chain mail        |    28 |   123 |    74 |       ||   225
       Plate armour      |       |       |    12 |     3 ||    15
Dodge: Dodged            |    13 |    38 |    64 |     4 ||   119
Block: Kite shield       |    33 |    80 |    91 |    10 ||   214
